 Dungeon Crawl Stone Soup version 0.19.0-2-gae57169 (webtiles) character file.

544 Gingerlord the Sneak (level 7, -8/53 HPs)
             Began as a Human Wanderer on Nov 7, 2016.
             Was an Initiate of Okawaru.
             Mangled by Photonic's ghost (10 damage)
             ... on level 5 of the Dungeon.
             The game lasted 00:12:08 (5647 turns).

Gingerlord the Sneak (Human Wanderer)               Turns: 5647, Time: 00:12:08

Health: -8/53      AC:  5    Str: 16      XL:     7   Next: 52%
Magic:  7/7        EV: 14    Int: 16      God:    Okawaru [......]
Gold:   314        SH:  8    Dex:  8 (17) Spells: 0 memorised, 6 levels left

rFire  . . .     SeeInvis .     b - +0 spear
rCold  + . .     Gourm    .     c - +0 ring mail
rNeg   . . .     Faith    .     a - +0 shield
rPois  .         Spirit   .     (helmet restricted)
rElec  .         Reflect  .     (no cloak)
rCorr  .         Harm     .     (no gloves)
MR     .....                    (no boots)
Stlth  +++.......               (no amulet)
                                t - +3 ring of strength
                                p - +2 ring of intelligence

@: agile
A: horns 2, cold resistance 1
a: Renounce Religion


You were on level 5 of the Dungeon.
You worshipped Okawaru.
Okawaru was noncommittal.
You were not hungry.

You visited 2 branches of the dungeon, and saw 7 of its levels.

You collected 314 gold pieces.

Inventory:

Hand Weapons
 b - a +0 spear (weapon)
 e - a +0 dagger
Armour
 a - a +0 shield (worn)
 c - a +0 ring mail (worn)
Jewellery
 p - a +2 ring of intelligence (left hand)
 t - a +3 ring of strength (right hand)
Wands
 r - a wand of iceblast (14/15)
Scrolls
 d - a scroll of magic mapping
 h - a scroll of recharging
 j - a scroll of enchant weapon {unknown}
 q - a scroll of enchant armour {unknown}
 u - a scroll of fog {unknown}
 v - a scroll of remove curse
Potions
 i - a potion of mutation
Comestibles
 f - 2 bread rations
 k - 3 beef jerkies
 l - 2 meat rations


   Skills:
 + Level 3.9 Fighting
 + Level 3.9 Polearms
 + Level 3.0 Armour
 + Level 3.2 Dodging
 - Level 5.0 Stealth
 + Level 3.0 Shields


You had 6 spell levels left.
You didn't know any spells.

Dungeon Overview and Level Annotations

Branches:
Dungeon (6/15)             Temple (1/1) D:4

Altars:
Ashenzari
Cheibriados
Fedhas
Gozag
Hepliaklqana
Okawaru
Qazlal
Ru
Sif Muna
Uskayaw
Vehumet
Xom
Yredelemnul
Zin

Annotations:
D:5 Photonic's ghost, novice GrFi


Innate Abilities, Weirdness & Mutations

You have a pair of horns on your head.
Your flesh is cold resistant. (rC+)


Message History

Photonic's ghost hits you!
* * * LOW HITPOINT WARNING * * *
x2 You hit Photonic's ghost but do no damage.
You feel less woody.
Your +0 ring mail unmelds from your body.
Photonic's ghost hits you but does no damage.
The orc wizard casts a spell.
The orc wizard blinks!
The orc wizard gestures wildly while chanting.
The orc wizard blinks!
Things that are here:
a scroll of immolation; a scroll of random uselessness; 2 scrolls of amnesia Photonic's ghost hits you!
* * * LOW HITPOINT WARNING * * *
x2 The orc wizard is no longer moving quickly.
You see here a short sword.
There is a stone staircase leading up here.
Okay, then.
Photonic's ghost hits you!
You die...

*** ****,** *,,,,,, *,,,,,,
*,,,_,, ######## ###### *,,,,,,
#......# #..W@# *,,,,,,
####......###.######*******,**,*,
?......o....).รท......,,,,,,>,,,,,
####......###..######*,**,,,,,,,*
########*#..#,,,,,*,**,,,,,,,*
*,,,,,*#..#,***,*,**,,,,,,,*
***,*,,,*#..#,* *,*,**,,,,,,,*
****,,,,,,,,...#,***,*,**,,,,,,,*
,,,,,,,,,,,,....,,,,,,,,,,,,,,,,*


You could see Photonic's ghost.

Vanquished Creatures
  A big kobold (D:5)
  2 bullfrogs (D:5)
  A quasit (D:5)
  A jelly (D:5)
  2 hounds (D:5)
  An orc priest (D:3)
  A bullfrog skeleton (D:4)
  Jessica (D:3)
  3 adders
  An adder skeleton (D:4)
  A worm (D:2)
  2 dart slugs
  4 leopard geckos
  9 orcs
  5 giant cockroaches
  8 hobgoblins
  5 quokkas
  A ball python (D:2)
  8 bats
  6 frilled lizards
  10 goblins
  8 kobolds
  A leopard gecko skeleton (D:4)
  8 rats
90 creatures vanquished.

Notes
Turn   | Place    | Note
-------+----------+-------------------------------------------
     0 | D:1      | Gingerlord the Human Wanderer began the quest for the Orb.
     0 | D:1      | Gingerlord set off with: a +0 shield, a +0 spear, a potion of curing, a +0 robe, a +0 dagger, a bread ration
     0 | D:1      | Reached XP level 1. HP: 16/16 MP: 1/1
   134 | D:1      | Reached XP level 2. HP: 6/22 MP: 2/2
   660 | D:1      | Reached XP level 3. HP: 26/28 MP: 3/3
   957 | D:2      | Found an opulent altar of Gozag.
  1180 | D:2      | Reached skill level 1 in Dodging
  1324 | D:2      | Reached skill level 1 in Armour
  2148 | D:2      | Reached XP level 4. HP: 30/34 MP: 4/4
  2417 | D:3      | Noticed Jessica
  2425 | D:3      | Killed Jessica
  2637 | D:3      | Reached XP level 5. HP: 27/39 MP: 5/5
  2722 | D:3      | Gained mutation: You have a pair of small horns on your head. [potion of mutation]
  2722 | D:3      | Gained mutation: Your flesh is cold resistant. (rC+) [potion of mutation]
  2722 | D:3      | Gained mutation: You have a pair of horns on your head. [potion of mutation]
  3341 | D:4      | Found a staircase to the Ecumenical Temple.
  3344 | D:4      | Reached XP level 6. HP: 47/47 MP: 6/6
  3358 | Temple   | Entered the Ecumenical Temple
  3442 | Temple   | Became a worshipper of Warmaster Okawaru
  4239 | D:5      | Entered Level 5 of the Dungeon
  4239 | D:5      | Noticed Photonic's ghost (novice GrFi)
  4648 | D:5      | Reached XP level 7. HP: 17/52 MP: 7/7
  5639 | D:5      | HP: 1/53 [Photonic's ghost (3)]
  5647 | D:5      | Mangled by Photonic's ghost

Skill      XL: |  1  2  3  4  5  6  7 |
---------------+----------------------+-----
Dodging        | 1 2 3 |  3.2
Armour         | 1 2 3 |  3.0
Polearms       | 3 |  3.9
Shields        | 2 3 |  3.0
Fighting       | 3 |  3.9
Stealth        | |  5.0

Action                   |  1- 3 |  4- 6 |  7- 9 || total
-------------------------+-------+-------+-------++-------
Melee: Spear             |   157 |   282 |   114 ||   553
       Headbutt          |       |    17 |     4 ||    21
  Use: Potion            |       |     4 |     3 ||     7
       Scroll            |       |       |     8 ||     8
 Stab: Sleeping          |     7 |     6 |     1 ||    14
  Eat: Chunk             |     3 |     5 |       ||     8
       Bread ration      |       |     1 |     1 ||     2
Armor: Robe              |     9 |       |       ||     9
       Leather armour    |    18 |    21 |       ||    39
       Skin              |       |    17 |     9 ||    26
       Ring mail         |       |    72 |    34 ||   106
Dodge: Dodged            |    37 |    99 |    31 ||   167
Block: Shield            |    47 |   134 |    35 ||   216
